 Dungeon Crawl Stone Soup version 0.31-a0-854-g362426d53f (webtiles) character file.

Game seed: 5446706126288021342

28 horus123 the Magician (level 3, 0/24 HPs)
             Began as a Human Hedge Wizard on Oct 9, 2023.
             Slain by an adder (1 damage)
             ... on level 2 of the Dungeon.
             The game lasted 00:01:56 (1039 turns).

horus123 the Magician (Human Hedge Wizard)          Turns: 1039, Time: 00:01:56

Health: 0/24       AC:  2    Str: 10    XL:     3   Next: 27%
Magic:  2/8        EV: 12    Int: 16    God:
Gold:   29         SH:  0    Dex: 12    Spells: 9/10 levels left

rFire   . . .        i - +0 mace
rCold   . . .        (no shield)
rNeg    . . .        b - +0 robe
rPois   .            c - +0 hat
rElec   .            (no cloak)
rCorr   .            (no gloves)
SInv    .            (no boots)
Will    .....        (no amulet)
Stlth   ++           (no ring)
HPRegen 0.24/turn    (no ring)
MPRegen 0.11/turn

%: no passive effects
@: lethally poisoned (0 -> -12)
A: no striking features
a: no special abilities


You were on level 2 of the Dungeon.
You visited 1 branch of the dungeon, and saw 2 of its levels.

You collected 29 gold pieces.

Inventory:

Hand Weapons
 a - a +0 dagger
 i - a +0 mace (weapon)
Armour
 b - a +0 robe (worn)
 c - a +0 hat (worn)
 m - a +0 plate armour
Jewellery
 k - a ring of resist corrosion
 l - a ring of see invisible
Scrolls
 e - a scroll of fog {unknown}
 f - a scroll of immolation {unknown}
 g - 2 scrolls of identify {unknown}
 h - a scroll of fear {unknown}
Potions
 d - a potion of magic
 j - a potion of enlightenment {unknown}
 n - a potion of brilliance {unknown}
 o - a potion of curing {unknown}


   Skills:
 - Level 2.0 Dodging
 - Level 2.0 Stealth
 + Level 4.0 Spellcasting
 - Level 1.0 Conjurations
 - Level 1.0 Summonings
 - Level 1.0 Translocations


You had 9 spell levels left.
You knew the following spells:

 Your Spells              Type           Power      Damage    Failure   Level
a - Magic Dart            Conj           24%        1d4       11%         1

Your spell library contained the following spells:

 Spells                   Type           Power      Damage    Failure   Level
 Slow                     Hex            12%        N/A       17%         1
 Blink                    Tloc           12%        N/A       17%         2
 Call Imp                 Summ           12%        N/A       17%         2
 Cigotuvi's Dreadful Rot  Necr/Pois/Air  6%         N/A       26%         2
 Mephitic Cloud           Conj/Pois/Air  4%         N/A       41%         3


Dungeon Overview and Level Annotations

Branches:
Dungeon (2/15)

Altars:


Message History

You kill the adder!
The adder bites you. The adder completely misses you.
Your Spellcasting skill increases to level 4!
You have reached level 3!
Your experience leads to an increase in your attributes!
Increase (S)trength, (I)ntelligence, or (D)exterity?
You feel clever. x2
You hit the adder.
The adder is lightly wounded.
The adder bites you but does no damage. The adder bites you.
You hit the adder but do no damage.
The adder is lightly wounded.
The adder closely misses you. The adder misses you.
You sock the adder!
The adder is almost dead.
The adder barely misses you. The adder bites you but does no damage.
You closely miss the adder.
The adder is almost dead.
The adder bites you.
You are poisoned.
The adder poisons you! The adder barely misses you.
You miss the adder.
The adder is almost dead.
You feel sick. The adder bites you.
You are more poisoned.
The adder poisons you!
You closely miss the adder.
The adder is almost dead.
You feel sick. The adder bites you.
You are lethally poisoned!
The adder poisons you! The adder barely misses you.
You miss the adder.
The adder is almost dead.
* * * LOW HITPOINT WARNING * * *
You feel very sick. The adder bites you.
* * * LOW HITPOINT WARNING * * *
You are more poisoned.
The adder poisons you! The adder bites you.
You die...

#################
##.......#.@S....#
###..P~♣P♣...##~♣~.!#
#...♣P~~~~~♣♣~♣♣♣♣~..#
###.#~~~P~~P♣♣
♣P~~~♣♣...#
#....~~P~P~P~~
~~~~~~♣..~♣
#.#............
.........~~
##.#..♣~PPP~~~~~ ~~~~~P~
~~~
...####♣~~~PP~~~~≈~~PP~~
~~ ...#
#~~~P~~~♣♣~~~~~~~


You could see an adder.

Vanquished Creatures
  An adder (D:2)
  A dart slug (D:1)
  A bat (D:1)
  An endoplasm (D:1)
  A giant cockroach (D:1)
  A goblin (D:1)
  A hobgoblin (D:1)
  2 kobolds (D:1)
  2 quokkas (D:1)
  2 ball pythons (D:1)
  A frilled lizard (D:1)
  A rat (D:1)
15 creatures vanquished.

Notes
Turn   | Place    | Note
-------+----------+-------------------------------------------
     0 | D:1      | horus123 the Human Hedge Wizard began the quest for the
                  | Orb.
     0 | D:1      | Reached XP level 1. HP: 13/13 MP: 4/4
   282 | D:1      | Reached XP level 2. HP: 18/19 MP: 6/6
  1032 | D:2      | Reached skill level 4 in Spellcasting
  1032 | D:2      | Reached XP level 3. HP: 19/24 MP: 1/8
  1039 | D:2      | HP: 1/24 [adder (3)]
  1039 | D:2      | Slain by an adder

Illustrated notes

Levels and vault maps discovered:
D:1:      minmay_arrival_open_corners, layout_loops_ring
D:2:      layout_rooms, hellmonk_ecumenical_altar_zigzags, serial_bayou,
          serial_bayou_pond_c, serial_bayou_pond_a, serial_bayou_pond_a,
          serial_bayou_lagoon_b, uniq_natasha

Skill      XL: |  1  2 |
---------------+-------+-----
Spellcasting   | 4 |  4.0
Dodging        | |  2.0
Stealth        | |  2.0
Conjurations   | |  1.0
Summonings     | |  1.0
Translocations | |  1.0

Action                     || total
---------------------------++-------
  Melee: Dagger            ||    14
         Mace              ||    25
   Cast: Magic Dart        ||    38
 Armour: Robe              ||    34
  Dodge: Dodged            ||    42

Table legend: (Time is in decaauts)
 A = Elapsed time spent in this place.
 B = Non-inter-level travel time spent in this place.
 C = Inter-level travel time spent in this place.
 D = Time resting spent in this place.
 E = Time spent auto-exploring this place.
 F = Levels seen in this place.
 G = Mean time per level.
                   A        B        C        D        E       F      G
               +--------+--------+--------+--------+--------+-----+--------+
         Total |   1047 |   1034 |     13 |     34 |    831 |   2 |  523.5 |
       Dungeon |   1047 |   1034 |     13 |     34 |    831 |   2 |  523.5 |
               +--------+--------+--------+--------+--------+-----+--------+

Top non-repeatable levels by time:
     D:1: 957 daAuts
     D:2: 90 daAuts
